 Dungeon Crawl Stone Soup version 0.29-a0-330-g52719c12eb (webtiles) character file.

Game seed: 4997668487670978564

3253 HoaS the Grappler (level 9, -1/88 HPs)
             Began as a Troll Gladiator on May 22, 2022.
             Was a Believer of Okawaru.
             Slain by Amaemon
             ... wielding a +3 demon whip of venom
              (11 damage)
             ... on level 8 of the Dungeon.
             The game lasted 00:22:03 (6843 turns).

HoaS the Grappler (Troll Gladiator)                 Turns: 6843, Time: 00:22:03

Health: -1/88      AC:  9    Str: 24    XL:     9   Next: 67%
Magic:  10/10      EV: 12    Int:  4    God:    Okawaru [**....]
Gold:   89         SH:  0    Dex: 15    Spells: 8/8 levels left

rFire   + . .      SeeInvis +     - Unarmed
rCold   . . .      Faith    .   (no shield)
rNeg    . . .      Spirit   .   w - +0 steam dragon scales
rPois   .          Reflect  .   t - +1 hat
rElec   .          Harm     .   u - +0 cloak
rCorr   .          Rampage  .   (gloves unavailable)
Will    .....                   (boots unavailable)
Stlth   +.........              (no amulet)
HPRegen 1.04/turn               i - ring of see invisible
MPRegen 0.12/turn               k - ring of protection from fire

@: mighty
A: large, unfitting armour, claws 3, regeneration 1, shaggy fur 1, tough skin 1
a: Renounce Religion, Heroism


You were on level 8 of the Dungeon.
You worshipped Okawaru.
Okawaru was pleased with you.
You visited 2 branches of the dungeon, and saw 9 of its levels.
You also visited: Ossuary.

You collected 373 gold pieces.
You spent 284 gold pieces at shops.

Inventory:

Missiles
 c - 3 throwing nets (quivered)
 d - a large rock
 f - 5 atropa-tipped darts
Armour
 t - a +1 hat (worn)
 u - a +0 cloak (worn)
 w - +0 steam dragon scales (worn)
Jewellery
 i - a ring of see invisible (left claw)
 k - a ring of protection from fire (right claw)
Wands
 o - a wand of polymorph (8)
 p - a wand of charming (6)
 s - a wand of acid (8)
Scrolls
 e - a scroll of holy word {unknown}
 l - 8 scrolls of teleportation
 r - a scroll of blinking
 v - a scroll of fog
Potions
 a - 2 potions of haste {unknown}
 b - a potion of resistance
 g - 6 potions of heal wounds
 h - 7 potions of mutation
 j - 4 potions of curing
 m - a potion of might
 q - 2 potions of lignification


   Skills:
 + Level 5.5 Fighting
 + Level 5.9 Throwing
 + Level 5.5 Dodging
 + Level 8.3 Unarmed Combat
 - Level 3.0 Invocations


You had 8 spell levels left.
You didn't know any spells.
Your spell library contained the following spells:

 Spells                   Type           Power      Damage    Failure   Level
 Sandblast                Erth           0%         2d4       50%         1
 Passwall                 Tmut/Erth      0%         N/A       65%         2
 Stone Arrow              Conj/Erth      0%         3d7       86%         3
 Anguish                  Hex/Necr       0%         N/A       99%         4
 Iskenderun's Battlesphe  Conj           0%         2d6       100%        5
 Iron Shot                Conj/Erth      0%         9d1       100%        6
 Enfeeble                 Hex            0%         N/A       100%        7
 Tukima's Dance           Hex            Unusable   N/A       N/A         3
 Spellforged Servitor     Conj/Summ      Unusable   N/A       N/A         7

Dungeon Overview and Level Annotations

Branches:
Dungeon (8/15)             Temple (1/1) D:6         Ossuary (visited)
   Lair: D:8-11

Altars:
Elyvilon
Fedhas
Gozag
Hepliaklqana
Kikubaaqudgha
Nemelex Xobeh
Okawaru
Qazlal
Ru
Trog
Vehumet
Xom
Yredelemnul
Zin
The Shining One

Shops:
D:5 (   D:7 *   D:8 ?

Annotations:
D:5 1 runed translucent door, p0werm0de's ghost, novice PaFi
D:8 Amaemon


Innate Abilities, Weirdness & Mutations

You are too large for most types of armour.
You have claws for hands.
Your natural rate of healing is unusually fast.
You are covered in fur. (AC +1)
You have tough skin. (AC +1)


Message History

Amaemon hits you with a +3 demon whip of venom!
You are poisoned.
Amaemon misses you.
Amaemon tail-slaps you but does no damage.
You closely miss Amaemon.
Amaemon is heavily wounded.
You feel very sick.
The bullfrog hits you but does no damage.
The bullfrog hits you.
Amaemon hits you with a +3 demon whip of venom.
You are more poisoned.
Amaemon barely misses you. Amaemon closely misses you.
You claw Amaemon!
Amaemon is severely wounded.
You feel very sick. The bullfrog hits you.
Amaemon hits you with a +3 demon whip of venom.
* * * LOW HITPOINT WARNING * * *
You are lethally poisoned!
Amaemon claws you.
* * * LOW HITPOINT WARNING * * *
Amaemon tail-slaps you but does no damage.
You barely miss Amaemon.
Amaemon is severely wounded.
* * * LOW HITPOINT WARNING * * *
You feel extremely sick. The bullfrog hits you.
* * * LOW HITPOINT WARNING * * *
You claw Amaemon!
Amaemon is severely wounded.
* * * LOW HITPOINT WARNING * * *
You feel very sick.
The bullfrog releases a deep croak.
The bullfrog closely misses you. Amaemon misses you. Amaemon claws you.
* * * LOW HITPOINT WARNING * * *
Amaemon misses you. The bullfrog hits you.
* * * LOW HITPOINT WARNING * * *
You feel better.
Amaemon hits you with a +3 demon whip of venom!
You die...

#...'....#........
#...#....#..........#
#...#....#..........#
#...##...##.../.....#
#...##...##...##....#
#........##...##....#
#..............(....# .
#...................#...
#...##...##.....@....#
#+## ###+##...#.F6##.#
######.....# #.....#
#.....# #.....# #.....#
#######


You could see Amaemon and a bullfrog.

Vanquished Creatures
  An orange demon (D:8)
  A shadow (D:7)
  A steam dragon (D:7)
  Menkaure (D:6)
  A sky beast (D:7)
  An orc warrior (D:7)
  An ice beast (D:7)
  2 ogres
  A centaur (D:7)
  A phantom (D:5)
  2 necrophages
  A bullfrog (D:8)
  3 scorpions
  5 wights
  6 killer bees
  3 hounds
  7 orc priests
  A jelly (D:6)
  2 iguanas
  8 orc wizards
  13 mummies (Ossuary)
  4 gnolls
  15 adders
  A shadow imp (D:7)
  3 white imps
  3 worms
  3 dart slugs
  20 orcs
  4 bats
  6 endoplasms
  2 giant cockroaches (D:4)
  7 goblins
  3 hobgoblins (D:1)
  7 jackals
  7 kobolds
  4 quokkas
  6 ball pythons
  3 frilled lizards
  2 gnoll skeletons (Ossuary)
  4 kobold skeletons (Ossuary)
  2 orc skeletons (Ossuary)
  5 rats (D:1)
  11 rat skeletons (Ossuary)
184 creatures vanquished.

Vanquished Creatures (others)
  An orc wizard (D:6)
1 creature vanquished.

Grand Total: 185 creatures vanquished

Notes
Turn   | Place    | Note
-------+----------+-------------------------------------------
     0 | D:1      | HoaS the Troll Gladiator began the quest for the Orb.
     0 | D:1      | Reached XP level 1. HP: 19/19 MP: 0/0
   221 | D:1      | Reached XP level 2. HP: 27/27 MP: 1/1
   368 | D:1      | Reached skill level 4 in Unarmed Combat
   713 | D:1      | Reached XP level 3. HP: 33/33 MP: 2/2
  1178 | D:2      | Reached skill level 5 in Unarmed Combat
  1178 | D:2      | Reached XP level 4. HP: 38/41 MP: 3/3
  1856 | D:3      | Reached XP level 5. HP: 45/48 MP: 4/4
  1860 | D:3      | Reached skill level 6 in Unarmed Combat
  2305 | D:4      | Identified the +7 quarterstaff "Wuef" {vorpal, Int+3}
  2310 | D:4      | Noticed an ogre
  2316 | D:4      | Killed an ogre
  2317 | D:4      | Reached XP level 6. HP: 30/57 MP: 5/5
  3092 | D:4      | Found a glowing silver altar of Zin.
  3102 | D:5      | Entered Level 5 of the Dungeon
  3110 | D:5      | Reached XP level 7. HP: 62/67 MP: 6/6
  3254 | D:5      | Found a runed translucent door.
  3254 | D:5      | Noticed p0werm0de's ghost (novice PaFi)
  3502 | D:5      | Found Udola's Antique Weapon Shop.
  4141 | D:6      | Found a staircase to the Ecumenical Temple.
  4164 | D:6      | Found a sand-covered staircase.
  4170 | Ossuary  | Entered an ossuary
  4596 | D:6      | Noticed Menkaure
  4598 | D:6      | Killed Menkaure
  4599 | D:6      | Reached XP level 8. HP: 78/78 MP: 7/7
  4730 | D:6      | Found an iron altar of Okawaru.
  4730 | D:6      | Found a sparkling altar of Nemelex Xobeh.
  4971 | Temple   | Entered the Ecumenical Temple
  5113 | D:6      | Reached skill level 7 in Unarmed Combat
  5140 | D:6      | Found a white marble altar of Elyvilon.
  5182 | D:6      | Became a worshipper of Warmaster Okawaru
  5471 | D:7      | Found Zayst's Hallowed Reliquary.
  5476 | D:7      | Reached skill level 1 in Invocations
  5501 | D:7      | Noticed an angel
  5524 | D:7      | Bought a potion of heal wounds for 70 gold pieces
  5524 | D:7      | Bought a potion of heal wounds for 70 gold pieces
  5705 | D:7      | Reached skill level 5 in Throwing
  5707 | D:7      | Reached * piety under Okawaru
  5809 | D:7      | Reached XP level 9. HP: 85/87 MP: 9/9
  5942 | D:7      | Found an opulent altar of Gozag.
  6080 | D:7      | Reached skill level 5 in Fighting
  6190 | D:7      | Reached skill level 5 in Dodging
  6559 | D:8      | Reached skill level 8 in Unarmed Combat
  6626 | D:8      | Reached ** piety under Okawaru
  6726 | D:8      | Found Leranir's Magic Scroll Boutique.
  6729 | D:8      | Bought a scroll of teleportation for 36 gold pieces
  6729 | D:8      | Bought a scroll of teleportation for 36 gold pieces
  6729 | D:8      | Bought a scroll of teleportation for 36 gold pieces
  6729 | D:8      | Bought a scroll of teleportation for 36 gold pieces
  6809 | D:8      | Noticed an orange demon
  6814 | D:8      | Noticed Amaemon
  6816 | D:8      | Killed an orange demon
  6842 | D:8      | HP: 3/88 [Amaemon/+3 demon whip of venom (3)]
  6842 | D:8      | HP: 1/88 [bullfrog (2)]
  6843 | D:8      | Slain by Amaemon

Illustrated notes

Levels and vault maps discovered:
D:1:      matt_arrival_refuge, layout_basic
D:2:      layout_loops_ring, kennysheep_generic_room_4
D:3:      layout_loops_ring, nicolae_concentric_dashed_squares_wild,
          cheibrodos_gnoll_hut
D:4:      layout_basic, zin_statuary
D:5:      layout_loops_corners, serial_shops, shop, gammafunk_ghost_grave
D:6:      layout_basic, chequers_temple_overflow_statue_of_worship,
          minmay_temple_entry_trees, nicolae_ossuary_entry_plus,
          hangedman_abyss_or_decor_passed, columned_hall_lemuel, uniq_menkaure
D:7:      layout_basic, mainiacjoe_overflow_alcove_1, hangedman_decor_growths,
          nicolae_good_shop
D:8:      layout_gridville, serial_shops, kennysheep_mini, uniq_amaemon
Temple:   cyrus_temple_forest

Skill      XL: |  1  2  3  4  5  6  7  8  9 |
---------------+----------------------------+-----
Unarmed Combat | 4 5 6 7 8 |  8.3
Throwing       | 2 3 4 5 |  5.9
Fighting       | 2 3 4 5 |  5.5
Dodging        | 3 4 5 |  5.5
Invocations    | 2 3 |  3.0

Action                   |  1- 3 |  4- 6 |  7- 9 || total
-------------------------+-------+-------+-------++-------
Melee: Unarmed           |    99 |   143 |   295 ||   537
       Punch             |     1 |     7 |    12 ||    20
Invok: Heroism           |       |       |     1 ||     1
Evoke: Wand              |       |       |     1 ||     1
  Use: Scroll            |     4 |     3 |    11 ||    18
       Potion            |       |     1 |    11 ||    12
 Stab: Sleeping          |       |     2 |     1 ||     3
Armor: Robe              |    27 |    35 |    42 ||   104
       Steam dragon scal |       |       |    63 ||    63
Dodge: Dodged            |    51 |    59 |   167 ||   277

Table legend: (Time is in decaauts)
 A = Elapsed time spent in this place.
 B = Non-inter-level travel time spent in this place.
 C = Inter-level travel time spent in this place.
 D = Time resting spent in this place.
 E = Time spent auto-exploring this place.
 F = Levels seen in this place.
 G = Mean time per level.
                   A        B        C        D        E       F      G
               +--------+--------+--------+--------+--------+-----+--------+
         Total |   6796 |   6361 |    435 |    448 |   4585 |  10 |  679.6 |
       Dungeon |   6368 |   5972 |    396 |    410 |   4389 |   8 |  796.0 |
        Temple |    105 |     67 |     38 |      0 |     55 |   1 |  105.0 |
       Ossuary |    323 |    323 |      0 |     38 |    141 |   1 |  323.0 |
               +--------+--------+--------+--------+--------+-----+--------+

Top non-repeatable levels by time:
     D:5: 1156 daAuts
     D:7: 1071 daAuts
     D:1: 889 daAuts
     D:4: 798 daAuts
     D:6: 729 daAuts
     D:2: 705 daAuts
     D:3: 685 daAuts
     D:8: 331 daAuts
 Ossuary: 323 daAuts
  Temple: 105 daAuts
